 Dungeon Crawl Stone Soup version 0.20.0-10-g0535bb4 (webtiles) character file.

962 Nobrepepe the Shield-Bearer (level 7, -3/61 HPs)
             Began as a Minotaur Fighter on June 4, 2017.
             Was a Believer of Trog.
             Slain by a two-headed ogre
             ... wielding a +0 giant club
              (25 damage)
             ... on level 5 of the Dungeon.
             The game lasted 00:31:42 (4154 turns).

Nobrepepe the Shield-Bearer (Minotaur Fighter)      Turns: 4154, Time: 00:31:43

Health: -3/61      AC: 10    Str: 23    XL:     7   Next: 92%
Magic:  6/6        EV:  9    Int:  5    God:    Trog [**....]
Gold:   265        SH: 10    Dex:  9    Spells: 6/6 levels left

rFire    . . .     SeeInvis .   s - +1 flail (holy)
rCold    . . .     Gourm    .   c - +0 shield
rNeg     . . .     Faith    .   b - +0 scale mail
rPois    .         Spirit   .   (helmet restricted)
rElec    .         Reflect  .   g - scarf {repulsion}
rCorr    .         Harm     .   q - +0 pair of gloves
MR       +....                  k - +0 pair of boots
Stlth    ..........             (no amulet)
Regen    0.2/turn               o - ring of protection from magic
MPRegen  0.1/turn               J - ring of flight

@: repel missiles
A: retaliatory headbutt, horns 2
a: Berserk, Trog's Hand, Burn Spellbooks, Renounce Religion, Evoke Flight


You were on level 5 of the Dungeon.
You worshipped Trog.
Trog was pleased with you.
You were not hungry.

You visited 2 branches of the dungeon, and saw 6 of its levels.
You also visited: Ossuary.

You collected 265 gold pieces.

Inventory:

Hand Weapons
 a - a +0 war axe
 s - a +1 flail of holy wrath (weapon)
Armour
 b - a +0 scale mail (worn)
 c - a +0 shield (worn)
 g - a scarf of repulsion (worn)
 h - a +0 robe
 k - a +0 pair of boots (worn)
 q - a +0 pair of gloves (worn)
 D - a +1 pair of boots
Jewellery
 o - a ring of protection from magic (left hand)
 v - an uncursed ring of magical power
 J - a ring of flight (right hand)
 K - an uncursed amulet of magic regeneration {unknown}
Wands
 x - a wand of disintegration (2/24)
Scrolls
 e - 4 scrolls of teleportation {unknown}
 j - 7 scrolls of identify {unknown}
 m - a scroll of immolation {unknown}
 r - 2 scrolls of blinking {unknown}
 u - a scroll of amnesia {unknown}
 w - 4 scrolls of remove curse {unknown}
 y - a scroll of enchant armour {unknown}
 E - 3 scrolls of fear {unknown}
 I - a scroll of recharging {unknown}
Potions
 d - 2 potions of might
 l - a potion of ambrosia {unknown}
 t - a potion of lignification {unknown}
 z - 2 potions of mutation {unknown}
 A - 2 potions of brilliance {unknown}
 C - 2 potions of heal wounds
 F - a potion of haste
 G - 2 potions of berserk rage {unknown}
 H - a potion of curing {unknown}
Books
 B - a book of Conjurations

   Spells                             Type                      Level
   a - Magic Dart                     Conjuration                  1
   b - Searing Ray                    Conjuration                  2
   c - Dazzling Spray                 Conjuration/Hexes            3
   d - Fulminant Prism                Conjuration/Hexes            4
   e - Force Lance                    Conjuration/Translocation    4
   f - Iskenderun's Mystic Blast      Conjuration                  4
   Trog disapproves of the use of such an item.
Comestibles
 f - 2 bread rations
 i - 2 royal jellies
 n - 4 fruits
 p - 2 meat rations


   Skills:
 + Level 5.4 Fighting
 + Level 4.8(6.0) Axes
 + Level 5.4(6.3) Maces & Flails
 + Level 5.8 Armour
 + Level 2.1 Dodging
 + Level 0.6 Stealth
 + Level 5.9 Shields


You had 6 spell levels left.
You didn't know any spells.

Dungeon Overview and Level Annotations

Branches:
Dungeon (5/15)             Temple (1/1) D:4

Altars:
Kikubaaqudgha
Sif Muna
Trog
Uskayaw

Shops:
D:4 (


Innate Abilities, Weirdness & Mutations

You reflexively headbutt those who attack you in melee.
You have a pair of horns on your head.


Message History

A two-headed ogre is nearby!
A two-headed ogre is nearby!
A two-headed ogre is nearby!
You hit the two-headed ogre.
The two-headed ogre is lightly wounded.
The two-headed ogre barely misses you.
The two-headed ogre hits you with a giant club.
You sock the two-headed ogre!
The two-headed ogre is lightly wounded.
The two-headed ogre hits you with a giant club!
The two-headed ogre hits you with a giant club!!
You hit the two-headed ogre.
The two-headed ogre is moderately wounded.
You sock the two-headed ogre! You headbutt the two-headed ogre.
The two-headed ogre is heavily wounded.
The two-headed ogre barely misses you. You block the two-headed ogre's attack.
You barely miss the two-headed ogre.
The two-headed ogre is heavily wounded.
The two-headed ogre hits you with a giant club!!
You die...

#.# #.# #.# #.# #.#
#.# # .#### #.# #.#
.. ....# ###.# #.#
..##.#.# ..#.# #.#
.....#.# #.#.# #.#
###..#)#.#
#.#.####.# ....#...#
#.#@O....# .
#...#...#.#.#..#####
.###.#.#...#.#.#..#
.#.....#...#......#
.........(.###.##.#
......#........##.#
##.####........##.#
#.# #.#..##.###.#
#.# #.##.##.# #.#


You could see a two-headed ogre.

Vanquished Creatures
  2 phantoms (D:4)
  An ogre (D:5)
  A scorpion (D:5)
  A bullfrog zombie (D:5)
  2 jellies (D:3)
  2 orc priests
  A hound (D:5)
  Jessica (D:2)
  Ijyb (D:3)
  An iguana (D:5)
  An orc wizard (D:3)
  A worker ant (D:4)
  4 big kobold zombies (Ossuary)
  2 hound skeletons (D:5)
  A mummy (Ossuary)
  4 adders
  10 oozes
  2 worms (D:2)
  A dart slug (D:1)
  A leopard gecko (D:1)
  11 orcs
  2 spectral bats (Ossuary)
  A ball python (D:1)
  5 giant cockroaches
  6 gnoll zombies (Ossuary)
  15 hobgoblins
  3 jackals (D:5)
  3 quokkas
  10 bats
  5 bat simulacra (Ossuary)
  2 frilled lizards (D:3)
  6 goblins
  2 goblin simulacra (Ossuary)
  2 goblin zombies (Ossuary)
  4 hobgoblin zombies (Ossuary)
  A jackal skeleton (D:4)
  15 kobolds
  4 kobold simulacra (Ossuary)
  6 kobold zombies (Ossuary)
  6 orc zombies (Ossuary)
  8 rats
  5 rat simulacra (Ossuary)
  A spectral goblin (Ossuary)
  6 spectral kobolds (Ossuary)
  4 spectral rats (Ossuary)
  A plant (D:2)
174 creatures vanquished.

Vanquished Creatures (others)
  3 fungi (D:3)
  7 toadstools (D:3)
10 creatures vanquished.

Grand Total: 184 creatures vanquished

Notes
Turn   | Place    | Note
-------+----------+-------------------------------------------
     0 | D:1      | Nobrepepe the Minotaur Fighter began the quest for the Orb.
     0 | D:1      | Reached XP level 1. HP: 19/19 MP: 0/0
    85 | D:1      | Reached XP level 2. HP: 26/27 MP: 1/1
   589 | D:1      | Reached XP level 3. HP: 33/33 MP: 2/2
  1029 | D:2      | Noticed Jessica
  1058 | D:2      | Reached skill level 1 in Dodging
  1069 | D:2      | Killed Jessica
  1069 | D:2      | Reached XP level 4. HP: 37/40 MP: 3/3
  1853 | D:3      | Reached XP level 5. HP: 20/46 MP: 4/4
  2011 | D:3      | Noticed Ijyb
  2026 | D:3      | Killed Ijyb
  2410 | D:3      | Reached skill level 5 in Armour
  2410 | D:3      | Reached XP level 6. HP: 33/53 MP: 5/5
  2414 | D:3      | Reached skill level 1 in Maces & Flails
  2513 | D:4      | Found a staircase to the Ecumenical Temple.
  2530 | Temple   | Entered the Ecumenical Temple
  2534 | Temple   | Became a worshipper of Trog the Wrathful
  2714 | D:4      | Reached skill level 5 in Shields
  2965 | D:4      | Found Edixuen's Weapon Shoppe.
  2968 | D:4      | Found a sand-covered staircase.
  2989 | D:4      | Reached XP level 7. HP: 38/60 MP: 6/6
  3004 | Ossuary  | Entered an ossuary
  3106 | Ossuary  | Reached * piety under Trog
  3161 | Ossuary  | Reached skill level 5 in Fighting
  3207 | Ossuary  | Reached ** piety under Trog
  3559 | D:5      | Entered Level 5 of the Dungeon
  3849 | D:5      | Reached skill level 5 in Maces & Flails
  4128 | D:5      | Noticed a two-headed ogre
  4154 | D:5      | Slain by a two-headed ogre

Skill      XL: |  1  2  3  4  5  6  7 |
---------------+----------------------+-----
Armour         | 4 5 |  5.8
Shields        | 4 5 |  5.9
Axes           | 3 4 |  4.8
Fighting       | 4 5 |  5.4
Dodging        | 1 2 |  2.1
Maces & Flails | 3 5 |  5.4
Stealth        | |  0.6

Action                   |  1- 3 |  4- 6 |  7- 9 || total
-------------------------+-------+-------+-------++-------
Melee: War axe           |   130 |    52 |       ||   182
       Headbutt          |    22 |    26 |    29 ||    77
       Flail             |       |    88 |   154 ||   242
  Use: Potion            |     2 |     2 |       ||     4
  Eat: Chunk             |     1 |     3 |       ||     4
       Fruit             |       |     3 |       ||     3
       Meat ration       |       |       |     1 ||     1
Armor: Scale mail        |    39 |    44 |    39 ||   122
Dodge: Dodged            |    35 |    47 |    37 ||   119
       Deflected         |     1 |     2 |       ||     3
Block: Shield            |    66 |    74 |    58 ||   198
